 Dungeon Crawl Stone Soup version 0.28-a0-390-gb254ac4902 (webtiles) character file.

Game seed: 6728175327544848405

295 Armakuni the Skirmisher (level 6, -4/51 HPs)
             Began as a Human Cinder Acolyte on Sept 4, 2021.
             Was a Priest of Ignis.
             Killed from afar by Ijyb (38 damage)
             ... with a bolt of acid
             ... on level 4 of the Dungeon.
             The game lasted 00:06:27 (4263 turns).

Armakuni the Skirmisher (Human Cinder Acolyte)      Turns: 4263, Time: 00:06:28

Health: -4/51      AC:  5    Str: 16    XL:     6   Next: 61%
Magic:  7/7        EV: 10    Int: 15    God:    Ignis [***...]
Gold:   117        SH:  0    Dex:  8    Spells: 7/7 levels left

rFire   + + .      SeeInvis .   b - +2 dagger (venom)
rCold   . . .      Faith    .   (no shield)
rNeg    . . .      Spirit   .   k - +0 ring mail
rPois   .          Reflect  .   (no helmet)
rElec   .          Harm     .   (no cloak)
rCorr   .          Rampage  .   (no gloves)
Will    .....                   (no boots)
Stlth   ..........              (no amulet)
HPRegen 0.17/turn               F - ring of protection from fire
MPRegen 0.10/turn               (no ring)

@: no status effects
A: no striking features
a: Renounce Religion, Sea of Fire, Foxfire Swarm, Rising Flame


You were on level 4 of the Dungeon.
You worshipped Ignis.
Ignis was most pleased with you.
You visited 1 branch of the dungeon, and saw 4 of its levels.

You collected 117 gold pieces.

Inventory:

Hand Weapons
 a - a +0 falchion of flaming
 b - a +2 dagger of venom (weapon)
Missiles
 c - a throwing net
Armour
 k - a +0 ring mail (worn)
Jewellery
 F - a ring of protection from fire (left hand)
Scrolls
 d - 3 scrolls of identify
 e - a scroll of noise
 f - a scroll of fog
 i - a scroll of holy word {unknown}
 j - 2 scrolls of teleportation
Potions
 g - a potion of magic


   Skills:
 + Level 5.3 Fighting
 + Level 5.3 Long Blades
 - Level 1.0 Spellcasting
 - Level 3.0 Fire Magic


You had 7 spell levels left.
You didn't know any spells.
Your spell library contained the following spells:

 Spells                   Type           Power      Damage    Failure   Level
 Scorch                   Fire           18%        2d5       21%         2


Dungeon Overview and Level Annotations

Branches:
Dungeon (4/15)
 Temple: D:4-7

Altars:

Shops:
D:4 :

Annotations:
D:4 Ijyb


Message History

a +0 short sword; 4 stones; a kobold corpse
Things that are here:
a +0 spear; a gnoll corpse
Found a robe.
You open the door.
Ijyb the Twisted Goblin comes into view.
She is wielding a +2 dagger of venom and carrying a wand of acid (6).
Ijyb shouts!
Found 17 arrows.
Found a stone staircase leading up and a stone staircase leading down.
Flames leap up around you!
The foxfire hits Ijyb.
Ijyb is lightly wounded.
The foxfire hits Ijyb.
Ijyb is lightly wounded.
The foxfire hits Ijyb.
Ijyb is moderately wounded.
The foxfire hits Ijyb.
Ijyb is heavily wounded.
Your foxfire dissipates!
The foxfire hits Ijyb but does no damage.
Ijyb is heavily wounded.
The foxfire hits Ijyb but does no damage.
Ijyb is heavily wounded.
The foxfire hits Ijyb.
Ijyb is severely wounded.
The foxfire hits Ijyb but does no damage.
Ijyb is severely wounded.
The foxfire hits Ijyb.
Ijyb is severely wounded.
The foxfire hits Ijyb but does no damage.
Ijyb is severely wounded.
Your foxfire dissipates!
The foxfire hits Ijyb but does no damage.
Ijyb is severely wounded.
Ijyb zaps a wand.
The bolt of acid hits you!! The bolt of acid misses your foxfire.
Your foxfire dissipates!
Ijyb zaps a wand.
The bolt of acid hits you!!!
Ouch! That really hurt!
You die...

####.#).####.........
#..).# ....... ####)#
..... #.# .g.
#.########'#####
#........§§....#
####..####..§.....#
#.......##..#.##..#
#.##..#.#....@.#..##
#.##..#.#......[.....
#.##..#.#......#..###
#.##..............#
#.#####.##.......##
#.# #.##########
#.#####.# #.......#
#########


You could see Ijyb.

Vanquished Creatures
  Natasha (thrice) (D:2)
  3 adders
  12 gnolls
  A worm (D:2)
  2 dart slugs
  An orc (D:4)
  6 endoplasms
  A giant cockroach (D:2)
  9 goblins
  9 hobgoblins
  2 jackals (D:1)
  6 kobolds
  2 quokkas (D:1)
  6 ball pythons
  3 bats
  3 frilled lizards
  5 rats
74 creatures vanquished.

Vanquished Creatures (others)
  82 foxfires
82 creatures vanquished.

Grand Total: 156 creatures vanquished

Notes
Turn   | Place    | Note
-------+----------+-------------------------------------------
     0 | D:1      | Armakuni the Human Cinder Acolyte began the quest for the
                  | Orb.
     0 | D:1      | Reached XP level 1. HP: 18/18 MP: 2/2
    22 | D:1      | Reached XP level 2. HP: 20/24 MP: 3/3
   574 | D:1      | Reached XP level 3. HP: 24/29 MP: 4/4
   724 | D:1      | Found a faded altar of an unknown god.
   994 | D:2      | Noticed Natasha
  1006 | D:2      | Killed Natasha
  1007 | D:2      | Reached XP level 4. HP: 20/37 MP: 5/5
  1021 | D:2      | Noticed Natasha
  1179 | D:2      | Killed Natasha
  1733 | D:2      | Noticed Natasha
  1742 | D:2      | Killed Natasha
  1743 | D:2      | Reached XP level 5. HP: 32/43 MP: 6/6
  2778 | D:3      | Reached XP level 6. HP: 49/50 MP: 7/7
  3090 | D:3      | Reached skill level 5 in Fighting
  3101 | D:3      | Reached skill level 5 in Long Blades
  3856 | D:4      | Found Ydusuz's Book Emporium.
  4257 | D:4      | Noticed Ijyb
  4263 | D:4      | Killed from afar by Ijyb

Illustrated notes

Levels and vault maps discovered:
D:1:      saegor_arrival_miasma, layout_rooms, serial_curves, eino_curves_03,
          eino_curves_04, dreamdust_ecumenical_altar_statues,
          minmay_close_crescents
D:2:      layout_loops_corners, uniq_natasha
D:3:      layout_basic
D:4:      cheibrodos_old_hovel, layout_loops_corners, serial_shops,
          kennysheep_little_box, uniq_ijyb

Skill      XL: |  1  2  3  4  5  6 |
---------------+-------------------+-----
Fighting       | 4 5 |  5.3
Long Blades    | 4 5 |  5.3
Spellcasting   | |  1.0
Fire Magic     | |  3.0

Action                   |  1- 3 |  4- 6 || total
-------------------------+-------+-------++-------
Melee: Dagger            |    62 |   134 ||   196
Invok: Foxfire Swarm     |     2 |     4 ||     6
  Use: Scroll            |     2 |     4 ||     6
Armor: Robe              |     7 |     6 ||    13
       Leather armour    |       |    21 ||    21
Dodge: Dodged            |    24 |    48 ||    72

Table legend: (Time is in decaauts)
 A = Elapsed time spent in this place.
 B = Non-inter-level travel time spent in this place.
 C = Inter-level travel time spent in this place.
 D = Time resting spent in this place.
 E = Time spent auto-exploring this place.
 F = Levels seen in this place.
 G = Mean time per level.
                   A        B        C        D        E       F      G
               +--------+--------+--------+--------+--------+-----+--------+
         Total |   4257 |   4125 |    132 |   1031 |   2432 |   4 | 1064.2 |
       Dungeon |   4257 |   4125 |    132 |   1031 |   2432 |   4 | 1064.2 |
               +--------+--------+--------+--------+--------+-----+--------+

Top non-repeatable levels by time:
     D:2: 1834 daAuts
     D:3: 998 daAuts
     D:1: 940 daAuts
     D:4: 484 daAuts
